 Dungeon Crawl Stone Soup version 0.31-a0-1066-g35875b3 (webtiles) character file.

Game seed: 7030966005842246572

215 NeededCrab the Ruffian (level 5, -2/41 HPs)
             Began as a Gnoll Shapeshifter on Nov 22, 2023.
             Was an Initiate of Ru.
             Slain by an orc
             ... wielding a +0 trident
              (7 damage)
             ... on level 4 of the Dungeon.
             The game lasted 00:06:42 (2558 turns).

NeededCrab the Ruffian (Gnoll Shapeshifter)         Turns: 2558, Time: 00:06:43

Health: -2/41      AC:  3    Str: 13    XL:     5   Next: 92%
Magic:  7/7        EV: 13    Int: 12    God:    Ru [......]
Gold:   119        SH:  0    Dex: 11    Spells: 7/7 levels left

rFire   . . .        q - +4 mace of the Open Hand {flame, rN+ rCorr}
rCold   . . .        (no shield)
rNeg    + . .        p - +0 leather armour
rPois   .            (helmet currently unavailable)
rElec   .            i - melded +0 cloak
rCorr   +            (gloves currently unavailable)
SInv    .            (boots currently unavailable)
Will    .....        (no amulet)
Stlth   +            (no ring)
HPRegen 0.26/turn    (no ring)
MPRegen 0.10/turn

%: no passive effects
@: beast-form
A: beast (slay +3), fangs 1, strong nose, distributed training
a: Begin Untransformation, Renounce Religion


You were on level 4 of the Dungeon.
You worshipped Ru.
Ru was noncommittal.
You were a hulking beast.
You visited 1 branch of the dungeon, and saw 4 of its levels.

You collected 119 gold pieces.

Inventory:

Hand Weapons
 q - the +4 mace of the Open Hand (weapon) {flame, rN+ rCorr}
   (You found it on level 3 of the Dungeon)

   rN+:       It protects you from negative energy.
   rCorr:     It protects you from acid and corrosion.
Armour
 a - a +0 animal skin
 i - a +0 cloak (melded)
 j - a scarf of shadows
 p - a +0 leather armour (worn)
Jewellery
 k - a ring of fire
Talismans
 c - a beast talisman (active)
 d - a flux talisman
Scrolls
 e - a scroll of enchant weapon {unknown}
 g - 8 scrolls of identify {unknown}
 n - a scroll of teleportation {unknown}
 o - a scroll of fog {unknown}
Potions
 b - a potion of attraction {unknown}
 f - a potion of might {unknown}
 h - 2 potions of curing {unknown}
 l - a potion of brilliance {unknown}
 m - a potion of heal wounds {unknown}
 r - 2 potions of enlightenment {unknown}


   Skills:
 + Level 3.1 Fighting
 + Level 1.7 Short Blades
 + Level 1.7 Long Blades
 + Level 1.7 Axes
 + Level 1.7 Maces & Flails
 + Level 1.7 Polearms
 + Level 1.7 Staves
 + Level 1.7 Ranged Weapons
 + Level 1.7 Throwing
 + Level 1.7 Armour
 + Level 4.9 Dodging
 + Level 1.7 Stealth
 + Level 1.7 Shields
 + Level 6.7 Unarmed Combat
 + Level 1.7 Spellcasting
 + Level 1.3 Conjurations
 + Level 1.3 Hexes
 + Level 1.3 Summonings
 + Level 1.3 Necromancy
 + Level 1.3 Translocations
 + Level 1.3 Transmutations
 + Level 1.3 Fire Magic
 + Level 1.3 Ice Magic
 + Level 1.3 Air Magic
 + Level 1.3 Earth Magic
 + Level 1.3 Poison Magic
 + Level 2.0 Invocations
 + Level 1.7 Evocations
 + Level 6.7 Shapeshifting


You had 7 spell levels left.
You didn't know any spells.
Your spell library contained the following spells:

 Spells                   Type           Power      Damage    Failure   Level
 Poisonous Vapours        Pois/Air       8%         N/A       30%         2
 Mephitic Cloud           Conj/Pois/Air  4%         N/A       52%         3
 Freezing Cloud           Conj/Ice/Air   2%         6-21      99%         5


Dungeon Overview and Level Annotations

Branches:
Dungeon (4/15)
 Temple: D:4-7

Altars:
Ashenzari
Elyvilon
Ru
Vehumet


Innate Abilities, Weirdness & Mutations

You are a hulking beast.
Your limbs bulge with bestial killing power. (Slay +3)
You have very sharp teeth.
Your uncanny sense of smell can sniff out nearby items.
Your experience applies equally to all skills.


Message History

The hound is almost dead.
The hound barely misses you. The hound bites you.
You sock the hound! You burn the hound.
You kill the hound!
The iguana closely misses you.
You sock the iguana! You burn the iguana!
You kill the iguana!
You sock the goblin! You burn the goblin.
You kill the goblin!
You sock the orc! You burn the orc.
You kill the orc!
The orc completely misses you. Something hits you but does no damage.
Your Invocations skill increases to level 2!
You miss something. You bite something.
The orc hits you from afar with a +0 trident!
Something hits you but does no damage.
You barely miss something. The orc closely misses you.
Something hits you but does no damage. The orc misses you.
You miss something.
You hear some strange, mumbled words.
A magic dart appears from out of thin air!
The magic dart hits you!
* * * LOW HITPOINT WARNING * * *
The orc hits you from afar with a +0 trident.
* * * LOW HITPOINT WARNING * * *
Something hits you.
* * * LOW HITPOINT WARNING * * *
You sock something! You burn something. The orc barely misses you.
You hear some strange, mumbled words.
Something tries to affect you, but you resist.
You miss something. Your bite misses something. The orc barely misses you.
Something hits you.
* * * LOW HITPOINT WARNING * * *
The orc hits you from afar with a +0 trident.
* * * LOW HITPOINT WARNING * * *
You sock something! You burn something.
Reactivating autopickup.
You feel a bit more experienced.
The orc hits you from afar with a +0 trident!
You die...

∆ ..... ### ...
.># #.# ..#
#.###.#####
##.)........
####....#######
#.....o.#
#.##.##)# # ...
#h# #..## #.#
#.# #.# ... #.#
.. #.# #.# ∆
#.# #.# #.#


You could see an orc.

Vanquished Creatures
  A jelly (D:4)
  A hound (D:4)
  An iguana (D:4)
  2 orc wizards (D:4)
  2 adders
  4 worms
  A dart slug (D:2)
  3 orcs
  3 bats
  5 endoplasms
  A giant cockroach (D:1)
  7 goblins
  6 hobgoblins
  8 jackals (D:1)
  2 quokkas
  6 ball pythons
  3 frilled lizards
  7 kobolds
  6 rats
69 creatures vanquished.

Notes
Turn   | Place    | Note
-------+----------+-------------------------------------------
     0 | D:1      | NeededCrab the Gnoll Shapeshifter began the quest for the
                  | Orb.
     0 | D:1      | Reached XP level 1. HP: 17/17 MP: 1/1
   184 | D:1      | Reached XP level 2. HP: 20/23 MP: 2/2
   311 | D:1      | Reached XP level 3. HP: 28/28 MP: 3/3
   452 | D:1      | HP: 2/42 [poisoned by a kobold]
   461 | D:1      | Reached skill level 1 in Invocations
   965 | D:1      | Found a faded altar of an unknown god.
   971 | D:1      | Reached skill level 1 in Short Blades
   971 | D:1      | Reached skill level 1 in Long Blades
   971 | D:1      | Reached skill level 1 in Axes
   971 | D:1      | Reached skill level 1 in Maces & Flails
   971 | D:1      | Reached skill level 1 in Polearms
   971 | D:1      | Reached skill level 1 in Staves
   971 | D:1      | Reached skill level 1 in Ranged Weapons
   971 | D:1      | Reached skill level 1 in Throwing
   971 | D:1      | Reached skill level 1 in Armour
   971 | D:1      | Reached skill level 1 in Stealth
   971 | D:1      | Reached skill level 1 in Shields
   971 | D:1      | Reached skill level 1 in Spellcasting
   971 | D:1      | Reached skill level 1 in Evocations
  1316 | D:2      | Found a radiant altar of Vehumet.
  1332 | D:2      | Reached XP level 4. HP: 23/34 MP: 5/5
  1993 | D:3      | Found a sacrificial altar of Ru.
  1993 | D:3      | Found a broken altar of Ashenzari.
  2000 | D:3      | Became a worshipper of Ru the Awakened
  2085 | D:3      | Reached skill level 1 in Conjurations
  2085 | D:3      | Reached skill level 1 in Hexes
  2085 | D:3      | Reached skill level 1 in Summonings
  2085 | D:3      | Reached skill level 1 in Necromancy
  2085 | D:3      | Reached skill level 1 in Translocations
  2085 | D:3      | Reached skill level 1 in Transmutations
  2085 | D:3      | Reached skill level 1 in Fire Magic
  2085 | D:3      | Reached skill level 1 in Ice Magic
  2085 | D:3      | Reached skill level 1 in Air Magic
  2085 | D:3      | Reached skill level 1 in Earth Magic
  2085 | D:3      | Reached skill level 1 in Poison Magic
  2187 | D:3      | Identified the +4 mace of the Open Hand {flame, rN+ rCorr}
  2213 | D:3      | Found a white marble altar of Elyvilon.
  2486 | D:4      | Reached XP level 5. HP: 39/40 MP: 5/7
  2558 | D:4      | Slain by an orc

Illustrated notes

Levels and vault maps discovered:
D:1:      minmay_arrival_up_and_down, layout_loops_corners,
          basic_ecumenical_altar, grunt_decor_one_mirror, minmay_tromino_mix6
D:2:      layout_basic, basic_altar
D:3:      kennysheep_big_flooded_room, layout_loops_cross,
          gammafunk_temple_overflow_pools, nicolae_elyvilon_peaceful_grove
D:4:      minmay_razor_zed, layout_basic, mainiacjoe_overflow_alcove_2,
          fedhas_altar_decomposition

Skill      XL: |  1  2  3  4  5 |
---------------+----------------+-----
Invocations    | 1 2 |  2.0
Short Blades   | 1 |  1.7
Long Blades    | 1 |  1.7
Axes           | 1 |  1.7
Maces & Flails | 1 |  1.7
Polearms       | 1 |  1.7
Staves         | 1 |  1.7
Ranged Weapons | 1 |  1.7
Throwing       | 1 |  1.7
Armour         | 1 |  1.7
Stealth        | 1 |  1.7
Shields        | 1 |  1.7
Spellcasting   | 1 |  1.7
Evocations     | 1 |  1.7
Conjurations   | 1 |  1.3
Hexes          | 1 |  1.3
Summonings     | 1 |  1.3
Necromancy     | 1 |  1.3
Translocations | 1 |  1.3
Transmutations | 1 |  1.3
Fire Magic     | 1 |  1.3
Ice Magic      | 1 |  1.3
Air Magic      | 1 |  1.3
Earth Magic    | 1 |  1.3
Poison Magic   | 1 |  1.3
Fighting       | 3 |  3.1
Dodging        | |  4.9
Unarmed Combat | |  6.7
Shapeshifting  | |  6.7

Action                     |  1- 3 |  4- 6 || total
---------------------------+-------+-------++-------
  Melee: Unarmed           |   103 |    28 ||   131
         Bite              |    10 |     6 ||    16
         Punch             |     1 |     4 ||     5
         Mace              |       |    25 ||    25
Ability: Begin Untransform |     1 |       ||     1
    Use: Potion            |     1 |       ||     1
 Armour: Animal skin       |    39 |     4 ||    43
         Skin              |     6 |       ||     6
         Leather armour    |       |    20 ||    20
  Dodge: Dodged            |    52 |    31 ||    83
   Form: Beast             |     1 |       ||     1

Table legend: (Time is in decaauts)
 A = Elapsed time spent in this place.
 B = Non-inter-level travel time spent in this place.
 C = Inter-level travel time spent in this place.
 D = Time resting spent in this place.
 E = Time spent auto-exploring this place.
 F = Levels seen in this place.
 G = Mean time per level.
                   A        B        C        D        E       F      G
               +--------+--------+--------+--------+--------+-----+--------+
         Total |   2550 |   2449 |    101 |    180 |   1766 |   4 |  637.5 |
       Dungeon |   2550 |   2449 |    101 |    180 |   1766 |   4 |  637.5 |
               +--------+--------+--------+--------+--------+-----+--------+

Top non-repeatable levels by time:
     D:1: 1190 daAuts
     D:3: 625 daAuts
     D:2: 615 daAuts
     D:4: 119 daAuts
